 Dungeon Crawl Stone Soup version 0.28-a0-429-g1448048969 (webtiles) character file.

Game seed: 469541537861278036

102971 freelancePsychic the Stormcaller (level 16, -6/101 HPs)
             Began as a Tengu Conjurer on Sept 11, 2021.
             Was a High Priest of Vehumet.
             Shot with an arrow by a centaur warrior (21 damage)
             ... on level 15 of the Dungeon.
             The game lasted 01:22:26 (31292 turns).

freelancePsychic the Stormcaller (Tengu Conjurer)  Turns: 31292, Time: 01:22:26

Health: -6/101     AC: 10    Str:  5    XL:     16   Next: 34%
Magic:  21/31      EV: 19    Int: 34    God:    Vehumet [*****.]
Gold:   3443       SH:  5    Dex: 16    Spells: 1/36 levels left

rFire   + + .      SeeInvis .   D - staff of fire
rCold   + . .      Faith    .   W - +0 buckler
rNeg    + . .      Spirit   .   U - +2 leather armour {rC+ rF+}
rPois   .          Reflect  .   (helmet restricted)
rElec   .          Harm     .   V - +1 cloak of Judikad {Will++ Str-3 Int+3}
rCorr   .          Rampage  .   v - +2 pair of gloves {Dex+3}
Will    ++++.                   (boots unavailable)
Stlth   ++........              o - amulet of magic regeneration
HPRegen 0.26/turn               f - ring "Giyheec" {rN+ Will+}
MPRegen 0.47/turn               d - +6 ring of intelligence

@: marked, flying quickly and evasively, quick
A: beak, talons 3, nimble flight
a: Renounce Religion


You were on level 15 of the Dungeon.
You worshipped Vehumet.
Vehumet was extremely pleased with you.
You visited 3 branches of the dungeon, and saw 23 of its levels.
You also visited: Bailey, Ice Cave and Volcano.

You collected 3583 gold pieces.
You spent 140 gold pieces at shops.

Inventory:

Missiles
 E - 3 throwing nets
Armour
 e - +0 steam dragon scales
 j - a +1 cloak
 v - a +2 pair of gloves of dexterity (worn)
 w - a +0 troll leather armour
 y - +0 acid dragon scales
 U - a +2 leather armour of resistance (worn)
 V - the +1 cloak of Judikad (worn) {Will++ Str-3 Int+3}
   (You found it on level 12 of the Dungeon)

   Str:       It affects your strength (-3).
   Int:       It affects your intelligence (+3).
   Will:      It greatly increases your willpower.
 W - a +0 buckler (worn)
Magical Staves
 D - a staff of fire (weapon)
Jewellery
 d - a +6 ring of intelligence (right hand)
 f - the ring "Giyheec" (left hand) {rN+ Will+}
   (You acquired it on level 7 of the Dungeon)

   [ring of positive energy]

   rN:        It protects you from negative energy.
   Will:      It increases your willpower.
 g - a +4 ring of protection
 o - an amulet of magic regeneration (around neck)
 r - a ring of wizardry
 A - a ring of ice
 S - a ring of fire
 T - a ring of protection from cold
 X - a ring of protection from fire
Wands
 i - a wand of iceblast (27)
 u - a wand of flame (85)
 x - a wand of paralysis (21)
 B - a wand of acid (19)
 C - a wand of digging (23)
 G - a wand of polymorph (14)
 K - a wand of mindburst (35)
Scrolls
 a - 7 scrolls of teleportation {@r4}
 k - 7 scrolls of identify {@r1}
 l - a scroll of brand weapon
 n - 5 scrolls of holy word
 q - 4 scrolls of amnesia
 F - 2 scrolls of magic mapping
 H - 7 scrolls of fear
 L - 7 scrolls of enchant weapon
 O - a scroll of vulnerability
 P - 4 scrolls of enchant armour
 Q - 3 scrolls of blinking
Potions
 b - 2 potions of magic
 c - 10 potions of curing {@q1}
 h - 2 potions of berserk rage
 m - 5 potions of haste {@q3}
 p - 8 potions of heal wounds {@q2}
 s - a potion of mutation
 t - 5 potions of lignification
 I - 7 potions of ambrosia
 J - 2 potions of attraction
 M - 3 potions of brilliance
 N - a potion of invisibility
 R - 3 potions of might
Miscellaneous
 z - a condenser vane


   Skills:
 - Level 12.1 Fighting
 - Level 10.1 Dodging
 - Level 2.0 Stealth
 - Level 4.0 Shields
 + Level 10.8 Spellcasting
 - Level 16.1 Conjurations
 - Level 7.3 Fire Magic
 + Level 19.7 Air Magic


You had one spell level left.
You knew the following spells:

 Your Spells              Type           Power      Damage    Failure   Level
a - Irradiate             Conj/Tmut      32%        3d24      1%          5
b - Conjure Ball Lightni  Conj/Air       48%        3x3d17    1%          6
c - Freezing Cloud        Conj/Ice/Air   39%        6-21      1%          5
d - Orb of Destruction    Conj           45%        9d15      1%          7
e - Flame Wave            Conj/Fire      98%        3d16      1%          4
f - Maxwell's Capacitive  Air            50%        ∞         2%          8

Your spell library contained the following spells:

 Spells                   Type           Power      Damage    Failure   Level
 Fireball                 Conj/Fire      49%        3d19      1%          5
 Magic Dart               Conj           100%       1d8       0%          1
 Apportation              Tloc           36%        N/A       4%          1
 Beastly Appendage        Tmut           36%        N/A       4%          1
 Searing Ray              Conj           100%       2d8       0%          2
 Static Discharge         Conj/Air       96%        N/A       0%          2
 Airstrike                Air            50%        N/A       0%          4
 Scorch                   Fire           100%       2d10      1%          2
 Dazzling Flash           Conj/Hex       100%       N/A       1%          3
 Mephitic Cloud           Conj/Pois/Air  79%        N/A       1%          3
 Fulminant Prism          Conj/Hex       32%        3d16      1%          4
 Iskenderun's Mystic Bla  Conj/Tloc      65%        2d13      1%          4
 Summon Lightning Spire   Summ/Air       71%        N/A       1%          4
 Lightning Bolt           Conj/Air       48%        1d68      1%          5
 Call Imp                 Summ           18%        N/A       6%          2
 Wereblood                Tmut           18%        N/A       6%          2
 Olgreb's Toxic Radiance  Pois           18%        N/A       11%         4
 Gell's Gravitas          Tloc           9%         N/A       12%         3
 Lesser Beckoning         Tloc           18%        N/A       12%         3
 Spider Form              Tmut/Pois      9%         N/A       12%         3
 Teleport Other           Tloc           18%        N/A       12%         3
 Lee's Rapid Deconstruct  Erth           9%         3d8*      28%         5
 Leda's Liquefaction      Hex/Erth       9%         N/A       38%         4
 Alistair's Intoxication  Tmut/Pois      12%        N/A       75%         5
 Ignition                 Fire           40%        3d12      95%         8
 Invisibility             Hex            9%         N/A       99%         6
 Statue Form              Tmut/Erth      12%        N/A       99%         6
 Summon Cactus Giant      Summ           9%         N/A       99%         6
 Ozocubu's Refrigeration  Ice            9%         4d6       100%        7


Dungeon Overview and Level Annotations

Branches:
Dungeon (15/15)            Temple (0/1) D:6            Lair (6/6) D:10
 Shoals (0/4) Lair:3        Snake (0/4) Lair:4        Slime (0/5) Lair:5
    Orc (2/2) D:11            Elf (0/3) Orc:2        Vaults (0/5) D:13
 Bailey (visited)           IceCv (visited)         Volcano (visited)
 Depths: D:15

Altars:
Ashenzari
Cheibriados
Dithmenos
Makhleb
Okawaru
Trog
Vehumet
Zin
Beogh
Jiyva

Shops:
D:7 *   Orc:1 (   Orc:2 (??[=*![?

Annotations:
D:3 3 runed translucent doors, Dittersdorf's ghost, amateur GrFi


Innate Abilities, Weirdness & Mutations

You have a beak for a mouth.
You have claws for feet.
Your magical nature lets you fly swiftly and evasively.


Message History

The centaur warrior shoots an arrow.
The arrow barely misses you.
The centaur is engulfed in freezing vapours.
You kill the centaur!
Vehumet accepts your kill.
You feel your power returning.
The centaur is engulfed in freezing vapours.
You kill the centaur!
Vehumet accepts your kill.
The centaur warrior is engulfed in freezing vapours.
The centaur warrior shoots an arrow.
The arrow hits you!
The centaur warrior is engulfed in freezing vapours.
A centaur warrior comes into view.
Casting: Freezing Cloud (mildly dangerous; 1% risk of failure)
Confirm with . or Enter, or press ? or * to list all spells.
Aiming: Freezing Cloud (mildly dangerous; 1% risk of failure)
Press: ? - help, Dir - move target, f - centaur warrior
Aim: a centaur warrior, wielding a +0 longbow and quivering arrows (severely wounded)
The centaur warrior is engulfed in freezing vapours.
The centaur warrior shoots an arrow.
The arrow hits you!
The centaur warrior is engulfed in freezing vapours.
The centaur warrior shoots an arrow.
The arrow closely misses you.
The centaur warrior is engulfed in freezing vapours.
The centaur warrior is engulfed in freezing vapours.
The centaur warrior pulls the alarm!
The alarm trap emits a blaring wail!
A sentinel's mark forms upon you.
The centaur warrior is engulfed in freezing vapours. x3
The centaur warrior shoots an arrow.
You block the arrow.
The centaur warrior is engulfed in freezing vapours.
The centaur warrior wields a +0 longbow.
The centaur warrior shoots an arrow.
The arrow hits you!
You hear a shout! x3; You hear a roar!
You hear a trumpeting!
A centaur warrior opens the door.
The centaur warrior is engulfed in freezing vapours.
The centaur warrior shoots an arrow.
The arrow hits you!
* * * LOW HITPOINT WARNING * * *
The centaur warrior is engulfed in freezing vapours.
The centaur warrior shoots an arrow.
The arrow hits you!!
You die...

..# #......# ..####
#.#.#### # .....# #.#.#
#. ....### #.#.# ..
####....# #.#.#
##+.#.⌠#....# #.#.#
.......#....#####.#.#
..§§..#.##....†...#.#
§c§.....@.#.#######.####
§§○.[.'...#............#
§§§§§c#...#.############
§§c§. #.###.###
§§§....#....#<# ##+
#.⌠....##.# ###..#....#
#....####.# #..# #.#


You could see 3 centaur warriors.

Vanquished Creatures
  Rupert (D:13)
  2 orc warlords
  A reaper (IceCv)
  The ghost of Caath the Blocker, a journeyman DrFi of Okawaru (Lair:5)
  Snorg (Lair:5)
  Harold (D:8)
  12 hydras
  3 vault guards (D:13)
  A boulder beetle (Lair:5)
  7 centaur warriors
  3 two-headed ogres
  A tengu warrior (D:12)
  Urug (Lair:4)
  A hell knight (Volcano)
  Sonja (Lair:5)
  A fire crab (shapeshifter) (D:15)
  5 skeletal warriors (D:14)
  A fire crab (Lair:2)
  3 deep elf pyromancers (D:12)
  2 orc knights (Orc:2)
  8 ugly things
  An orc sorcerer (D:12)
  8 cyclopes
  An oklob plant (Lair:5)
  6 manticores
  2 merfolk sirens (Lair:3)
  10 elephants
  Joseph (D:9)
  8 black mambas
  2 molten gargoyles (Volcano)
  14 cane toads
  An ice statue (IceCv)
  A gargoyle (D:12)
  A rime drake (Lair:6)
  Psyche (D:12)
  A torpor snail (Lair:6)
  11 komodo dragons
  2 yaktaurs
  Maggie (D:7)
  2 efreet
  2 unseen horrors (D:11)
  2 anaconda simulacra (IceCv)
  An entropy weaver simulacrum (IceCv)
  2 merfolk (Lair:3)
  9 trolls
  3 tyrant leeches (Lair:6)
  A jumping spider (shapeshifter) (D:12)
  A queen bee (Lair:1)
  4 polar bears
  2 hornets
  16 blink frogs
  3 slime creatures (D:13)
  5 dream sheep (Lair:6)
  A shadow (D:9)
  3 vampires
  2 wyverns (Lair:6)
  6 fire bats
  A spriggan (Lair:5)
  3 dire elephant simulacra (IceCv)
  9 humans (D:13)
  4 wraiths
  61 yaks
  3 steam dragons
  4 basilisks
  12 vampire mosquitoes
  3 wargs
  A death yak simulacrum (IceCv)
  2 acid dragons
  A harpy simulacrum (IceCv)
  17 water moccasins
  3 hell hounds
  An ice beast (D:7)
  43 orc warriors
  2 black bears
  A sky beast (D:6)
  A necrophage (D:6)
  19 wolves
  5 ogres
  A boggart (Lair:5)
  29 centaurs
  A kobold brigand (D:9)
  A gnoll sergeant (D:9)
  17 bullfrogs
  2 cane toad simulacra (IceCv)
  4 scorpions
  8 two-headed ogre simulacra (IceCv)
  A water moccasin skeleton (D:6)
  An elephant simulacrum (IceCv)
  28 killer bees
  3 electric eels
  6 howler monkeys
  6 lava snakes
  A crimson imp (D:6)
  2 centaur zombies (D:10)
  4 hounds
  2 jellies
  A centaur skeleton (D:7)
  17 orc priests
  A bullfrog skeleton (D:6)
  Jessica (D:2)
  Natasha (D:2)
  4 iguanas
  19 orc wizards
  6 troll simulacra (IceCv)
  2 polar bear simulacra (IceCv)
  5 spriggan simulacra (IceCv)
  A wolf simulacrum (IceCv)
  A hound zombie (D:5)
  A hound skeleton (D:4)
  5 gnolls
  7 naga simulacra (IceCv)
  8 adders
  A shadow imp (D:6)
  A white imp (IceCv)
  8 ufetubi
  An adder skeleton (D:4)
  A worm (D:3)
  99 orcs
  5 ball pythons
  2 bats
  4 endoplasms
  3 giant cockroaches
  15 goblins
  10 hobgoblins
  7 jackals
  25 kobolds
  A quokka (D:1)
  3 frilled lizards
  11 rats
  2 bushes (Lair:3)
  3 fire vortices (D:9)
789 creatures vanquished.

Vanquished Creatures (others)
  3 ball lightnings (D:14)
  46 fungi
  104 plants
153 creatures vanquished.

Grand Total: 942 creatures vanquished

Notes
Turn   | Place    | Note
-------+----------+-------------------------------------------
     0 | D:1      | freelancePsychic the Tengu Conjurer began the quest for the
                  | Orb.
     0 | D:1      | Reached XP level 1. HP: 10/10 MP: 4/4
   194 | D:1      | Reached XP level 2. HP: 15/15 MP: 0/6
   394 | D:1      | Learned a level 2 spell: Searing Ray
   997 | D:1      | Reached XP level 3. HP: 19/19 MP: 0/7
  1619 | D:2      | Reached XP level 4. HP: 24/24 MP: 4/9
  1762 | D:2      | Gained mutation: Your magical nature lets you fly swiftly
                  | and evasively. [Tengu growth]
  1762 | D:2      | Reached XP level 5. HP: 28/28 MP: 5/10
  2038 | D:2      | Noticed Jessica
  2049 | D:2      | Killed Jessica
  2050 | D:2      | Reached skill level 1 in Fighting
  2286 | D:2      | Noticed Natasha
  2290 | D:2      | Killed Natasha
  2468 | D:3      | Found a snail-covered altar of Cheibriados.
  3016 | D:3      | Found a faded altar of an unknown god.
  3131 | D:3      | Found a runed translucent gate.
  3132 | D:3      | Found a runed translucent gate.
  3132 | D:3      | Found a runed translucent gate.
  3132 | D:3      | Noticed Dittersdorf's ghost (amateur GrFi)
  3190 | D:4      | Reached XP level 6. HP: 33/35 MP: 7/11
  3977 | D:4      | Reached XP level 7. HP: 41/41 MP: 7/12
  4597 | D:5      | Entered Level 5 of the Dungeon
  4603 | D:5      | Reached skill level 1 in Air Magic
  4675 | D:5      | Reached skill level 2 in Air Magic
  4998 | D:5      | Reached skill level 3 in Air Magic
  5258 | D:5      | Reached XP level 8. HP: 48/48 MP: 7/13
  5569 | D:5      | Found an iron altar of Okawaru.
  5997 | D:6      | Reached skill level 4 in Air Magic
  6007 | D:6      | Reached skill level 5 in Dodging
  6341 | D:6      | Reached skill level 5 in Fighting
  6341 | D:6      | Reached skill level 5 in Air Magic
  6446 | D:6      | Found a bloodstained altar of Trog.
  6487 | D:6      | Found a staircase to the Ecumenical Temple.
  6524 | D:6      | Found a radiant altar of Vehumet.
  6524 | D:6      | Found a burning altar of Makhleb.
  6534 | D:6      | Became a worshipper of Vehumet
  7052 | D:7      | Reached skill level 6 in Air Magic
  7052 | D:7      | Reached XP level 9. HP: 42/55 MP: 5/14
  7160 | D:7      | Found a glowing silver altar of Zin.
  7161 | D:7      | Found Zin's Purification Station.
  7259 | D:7      | Found a flagged portal.
  7277 | Bailey   | Entered a bailey
  7328 | Bailey   | Noticed an orc warlord
  7594 | Bailey   | Reached * piety under Vehumet
  7594 | Bailey   | Offered knowledge of Freeze by Vehumet.
  7660 | Bailey   | Found a runed translucent gate.
  7662 | Bailey   | Found a runed translucent gate.
  7664 | Bailey   | Found a runed translucent gate.
  7864 | Bailey   | Reached skill level 7 in Air Magic
  7927 | Bailey   | Learned a level 5 spell: Lightning Bolt
  8065 | Bailey   | Killed an orc warlord
  8066 | Bailey   | Reached skill level 9 in Air Magic
  8108 | Bailey   | Acquired a book of Storms
  8110 | Bailey   | Acquired a +0 pair of gloves of dexterity
  8127 | Bailey   | Learned a level 4 spell: Flame Wave
  8199 | D:7      | Reached XP level 10. HP: 59/64 MP: 9/15
  8252 | D:7      | Noticed a cyclops
  8262 | D:7      | Killed a cyclops
  8451 | D:7      | Noticed a cyclops
  8456 | D:7      | Killed a cyclops
  8503 | D:7      | Noticed Maggie
  8509 | D:7      | Killed Maggie
  8796 | D:7      | Acquired 1070 gold pieces
  8798 | D:7      | Acquired a staff of fire
  8800 | D:7      | Acquired the ring "Giyheec" {rN+ Will+}
  9518 | D:8      | Noticed Harold
  9529 | D:8      | Killed Harold
  9530 | D:8      | Reached skill level 5 in Spellcasting
  9530 | D:8      | Reached skill level 5 in Fire Magic
  9795 | D:8      | Offered knowledge of Sandblast by Vehumet.
  9796 | D:8      | Reached ** piety under Vehumet
  9804 | D:8      | Reached XP level 11. HP: 72/72 MP: 15/19
 10026 | D:9      | Reached skill level 10 in Fighting
 10151 | D:9      | Noticed Joseph
 10154 | D:9      | Killed Joseph
 10430 | D:9      | Noticed a two-headed ogre
 10523 | D:9      | Offered knowledge of Frozen Ramparts by Vehumet.
 10744 | D:9      | Reached *** piety under Vehumet
 10988 | D:9      | Killed a two-headed ogre
 11266 | D:10     | Entered Level 10 of the Dungeon
 11606 | D:10     | Found a staircase to the Lair.
 11613 | D:10     | Offered knowledge of Stone Arrow by Vehumet.
 11717 | D:10     | Noticed a two-headed ogre
 12111 | D:10     | Killed a two-headed ogre
 12193 | D:10     | Noticed a death knight
 12203 | D:10     | Noticed a six-headed hydra
 12565 | D:10     | Found a shadowy altar of Dithmenos.
 12812 | D:10     | Reached skill level 10 in Conjurations
 13288 | D:11     | Reached XP level 12. HP: 70/79 MP: 20/20
 13291 | D:11     | Reached skill level 10 in Air Magic
 13449 | D:11     | Reached **** piety under Vehumet
 13838 | D:11     | Found a staircase to the Orcish Mines.
 13849 | D:11     | Offered knowledge of Freezing Cloud by Vehumet.
 13873 | D:11     | Learned a level 5 spell: Freezing Cloud
 14000 | Lair:1   | Entered Level 1 of the Lair of Beasts
 14014 | Lair:1   | Reached skill level 10 in Dodging
 14027 | Lair:1   | Reached ***** piety under Vehumet
 14027 | Lair:1   | Offered knowledge of Orb of Destruction by Vehumet.
 14275 | Lair:1   | Reached skill level 11 in Air Magic
 14318 | Lair:1   | Learned a level 7 spell: Orb of Destruction
 14590 | Lair:1   | Noticed an eight-headed hydra
 14596 | Lair:1   | Killed an eight-headed hydra
 15909 | Lair:2   | You are sucked into a shaft and drop 2 floors!
 15996 | Lair:4   | Reached XP level 13. HP: 82/83 MP: 24/24
 16204 | Lair:3   | Reached skill level 15 in Conjurations
 16693 | Lair:3   | Found a staircase to the Shoals.
 16825 | Lair:3   | Offered knowledge of Irradiate by Vehumet.
 16833 | Lair:3   | Learned a level 5 spell: Irradiate
 17834 | Lair:4   | Found a staircase to the Snake Pit.
 17903 | Lair:4   | Reached skill level 12 in Air Magic
 18231 | Lair:4   | Noticed Urug
 18238 | Lair:4   | Killed Urug
 18652 | Lair:5   | Noticed Snorg
 18655 | Lair:5   | Killed Snorg
 18712 | Lair:5   | Reached skill level 13 in Air Magic
 18791 | Lair:5   | Found a runed translucent door.
 18793 | Lair:5   | Identified the +3 spear "Ozampil" {speed, +Blink rN++
                  | Dex+3}
 18794 | Lair:5   | Noticed Caath's ghost (journeyman DrFi)
 18910 | Lair:5   | Noticed Sonja
 18923 | Lair:5   | Reached XP level 14. HP: 83/88 MP: 0/25
 18985 | Lair:5   | Reached skill level 14 in Air Magic
 18988 | Lair:5   | Killed Sonja
 19672 | Lair:5   | Found a staircase to the Slime Pits.
 19672 | Lair:5   | Found a viscous altar of Jiyva.
 19970 | Lair:5   | Reached skill level 15 in Air Magic
 19975 | Lair:5   | Killed Caath's ghost
 20136 | Lair:6   | Entered Level 6 of the Lair of Beasts
 20333 | Lair:6   | Found a dark tunnel.
 20342 | Volcano  | Entered a volcano
 20653 | Volcano  | Found a bloodstained altar of Trog.
 20841 | Volcano  | Reached skill level 16 in Air Magic
 22016 | Lair:6   | Offered knowledge of Conjure Ball Lightning by Vehumet.
 22064 | Lair:6   | Reached skill level 17 in Air Magic
 22784 | D:10     | Learned a level 6 spell: Conjure Ball Lightning
 22869 | Orc:1    | Entered Level 1 of the Orcish Mines
 22886 | Orc:1    | Reached XP level 15. HP: 96/96 MP: 14/26
 23013 | Orc:2    | Entered Level 2 of the Orcish Mines
 23013 | Orc:2    | Found Hoaca's Distillery.
 23152 | Orc:2    | Found Fusideb's Magic Scroll Emporium.
 24026 | Orc:1    | Found Tuyjon's Antique Weapon Boutique.
 24165 | Orc:2    | Found Paamahei's Antique Weapon Shop.
 24276 | Orc:2    | Offered knowledge of Iron Shot by Vehumet.
 24534 | Orc:2    | Found Wuer Myu's Antique Armour Shoppe.
 24604 | Orc:2    | Found Gigigeb's Jewellery Shop.
 24604 | Orc:2    | Found Poinock's Antique Armour Emporium.
 24606 | Orc:2    | Found Wumechin's Magic Scroll Shoppe.
 24608 | Orc:2    | Found Zithimm's General Store.
 24640 | Orc:2    | Found Homao's Magic Scroll Shoppe.
 24648 | Orc:2    | Bought a scroll of teleportation for 30 gold pieces
 24648 | Orc:2    | Bought a scroll of magic mapping for 35 gold pieces
 24648 | Orc:2    | Bought a scroll of enchant armour for 75 gold pieces
 24686 | Orc:2    | Found a staircase to the Elven Halls.
 25265 | D:12     | Found a frozen archway.
 25288 | IceCv    | Entered an ice cave
 25818 | IceCv    | Reached skill level 18 in Air Magic
 26424 | D:12     | Reached skill level 1 in Shields
 26558 | D:12     | Noticed Psyche
 26561 | D:12     | Killed Psyche
 26705 | D:12     | Offered knowledge of Yara's Violent Unravelling by Vehumet.
 26720 | D:12     | Identified the +1 cloak of Judikad {Will++ Str-3 Int+3}
 27242 | D:12     | Noticed an orc warlord
 27250 | D:12     | Killed an orc warlord
 27561 | D:13     | Noticed Rupert
 27566 | D:13     | Killed Rupert
 28695 | D:13     | Reached skill level 19 in Air Magic
 28696 | D:13     | Reached XP level 16. HP: 74/101 MP: 15/30
 28709 | D:13     | Reached skill level 10 in Spellcasting
 28875 | D:13     | Found a gate to the Vaults.
 29326 | D:13     | Learned a level 8 spell: Maxwell's Capacitive Coupling
 30048 | D:14     | Offered knowledge of Fireball by Vehumet.
 31185 | D:15     | Entered Level 15 of the Dungeon
 31284 | D:15     | Found a broken altar of Ashenzari.
 31292 | D:15     | Shot with an arrow by a centaur warrior

Illustrated notes

Levels and vault maps discovered:
D:1:      roderic_octagonal_star, layout_basic, minmay_octomino_e4
D:2:      layout_basic, uniq_natasha, uniq_jessica
D:3:      layout_rooms, mainiacjoe_overflow_small_starburst,
          gammafunk_ghost_necromancy, shapermc_ecumenical_altar_mp_urbaneastern
D:4:      layout_basic, hangedman_glass_teeth
D:5:      lemuel_ice_spiral_2, layout_basic, mainiacjoe_overflow_boulevard
D:6:      layout_cave_pools, grunt_temple_overflow_lords_of_destruction,
          trog_butcher_becter, minmay_temple_entry_glassed_door, serial_bayou,
          serial_bayou_lagoon_a, serial_bayou_pond_c, serial_bayou_shore_a,
          serial_bayou_shore_b
D:7:      layout_basic, zin_purify, enter_bailey_3, wad_mini_maze, uniq_maggie
D:8:      layout_basic, special_room [special_room_orc], uniq_harold
D:9:      layout_grid_maze, skrybe_limestone_x, hangedman_incinerator,
          uniq_joseph
D:10:     layout_loops_corners, nicolae_dithmenos_the_darkroom,
          lair_entry_dummy, grunt_ministairs_8, minmay_bent
D:11:     layout_rooms, minmay_orc_entry_temple_small
D:12:     layout_cave_pools, portal_ice_cave_entry_pillars_1,
          minmay_the_grid_2x2 [minmay_the_grid_armoury,
          minmay_the_grid_small_cups, minmay_the_grid_minigrid_medium,
          minmay_the_grid_prize_four_corners], uniq_psyche
D:13:     layout_stronghold, ximxim_vaults_locker_room,
          minmay_misc_feat_diagonals, uniq_rupert
D:14:     layout_long_grid, serial_rivers, chequers_serial_rivers_micro_c,
          chequers_serial_rivers_large_a, chequers_serial_rivers_micro_a,
          chequers_serial_rivers_micro_a
D:15:     hangedman_depths_entry_try_elsewhere_first, layout_basic,
          evilmike_ruin_ashenzari, minivault_11
Lair:1:   layout_hall_layers, special_room [special_room_bee],
          grunt_megastairs_2, lemuel_fruit_fields
Lair:2:   layout_gridlike
Lair:3:   layout_chaotic_city, elwin_shoals_entry_stream,
          nicolae_quartered_pool_medium
Lair:4:   layout_cave_pods, minmay_snake_entry_six_corridors, uniq_urug
Lair:5:   layout_cellular_growth, slime_altar_1, ebering_ghost_funeral_grove,
          uniq_snorg, uniq_sonja
Lair:6:   minmay_lair_end_frog_pond, layout_misc_corridors, enter_volcano_3,
          pond
Orc:1:    layout_diamond_mine, serial_shops, nicolae_diamond_shop,
          uniq_josephine
Orc:2:    st_orc_rangers, layout_diamond_mine, serial_shops,
          nicolae_shop_behind_doors, shop, nicolae_shop_waterfront,
          nicolae_square_shop, shop, minmay_orc_temple_a

Skill      XL: |  1  2  3  4  5  6  7  8  9 10 11 12 13 14 15 16 |
---------------+-------------------------------------------------+-----
Conjurations   | 6 7 8 10 12 16 | 16.1
Spellcasting   | 3 5 7 9 10 | 10.8
Fighting       | 2 3 4 5 8 9 10 12 | 12.1
Dodging        | 3 4 6 9 10 | 10.1
Air Magic      | 3 6 9 11 13 17 19 | 19.7
Fire Magic     | 5 7 |  7.3
Shields        | 4 |  4.0
Stealth        | |  2.0

Action                   |  1- 3 |  4- 6 |  7- 9 | 10-12 | 13-15 | 16-18 || total
-------------------------+-------+-------+-------+-------+-------+-------++-------
Melee: Unarmed           |     7 |     3 |     8 |       |       |       ||    18
       Kick              |     1 |     2 |       |     6 |    32 |     1 ||    42
       Peck              |     1 |       |     1 |     2 |    17 |     2 ||    23
       Staff             |       |       |       |    18 |    92 |     9 ||   119
 Cast: Magic Dart        |    16 |       |       |       |       |       ||    16
       Searing Ray       |    21 |    37 |    79 |    24 |       |       ||   161
       Lightning Bolt    |       |       |       |    68 |    31 |       ||    99
       Flame Wave        |       |       |       |    46 |    65 |     8 ||   119
       Freezing Cloud    |       |       |       |    39 |   117 |    12 ||   168
       Orb of Destructio |       |       |       |     2 |    45 |     6 ||    53
       Irradiate         |       |       |       |       |    91 |    12 ||   103
       Maxwell's Capacit |       |       |       |       |       |     3 ||     3
       Conjure Ball Ligh |       |       |       |       |       |     1 ||     1
Evoke: Wand              |       |       |       |       |     2 |       ||     2
  Use: Scroll            |     2 |     2 |    12 |    13 |    14 |       ||    43
       Potion            |       |       |     1 |       |     2 |       ||     3
Armor: Robe              |     3 |     3 |    24 |    25 |       |       ||    55
       Steam dragon scal |       |       |       |    12 |    49 |       ||    61
       Leather armour    |       |       |       |       |    16 |     6 ||    22
Dodge: Dodged            |    15 |    16 |    63 |   146 |   357 |    36 ||   633
Block: Buckler           |       |       |       |       |     3 |    15 ||    18

Table legend: (Time is in decaauts)
 A = Elapsed time spent in this place.
 B = Non-inter-level travel time spent in this place.
 C = Inter-level travel time spent in this place.
 D = Time resting spent in this place.
 E = Time spent auto-exploring this place.
 F = Levels seen in this place.
 G = Mean time per level.
                   A        B        C        D        E       F      G
               +--------+--------+--------+--------+--------+-----+--------+
         Total |  29834 |  28458 |   1376 |   3905 |  20104 |  26 | 1147.5 |
       Dungeon |  17575 |  16593 |    982 |   1561 |  12881 |  15 | 1171.7 |
          Lair |   7631 |   7290 |    341 |    926 |   5294 |   6 | 1271.8 |
  Orcish Mines |   2275 |   2224 |     51 |    761 |    979 |   2 | 1137.5 |
        Bailey |    823 |    823 |      0 |    303 |    188 |   1 |  823.0 |
      Ice Cave |    908 |    908 |      0 |     88 |    629 |   1 |  908.0 |
       Volcano |    621 |    621 |      0 |    265 |    131 |   1 |  621.0 |
               +--------+--------+--------+--------+--------+-----+--------+

Top non-repeatable levels by time:
    D:13: 1805 daAuts
  Lair:6: 1748 daAuts
     D:4: 1687 daAuts
    D:10: 1687 daAuts
     D:9: 1578 daAuts
  Lair:5: 1511 daAuts
  Lair:4: 1294 daAuts
   Orc:2: 1285 daAuts
     D:7: 1230 daAuts
     D:2: 1212 daAuts
     D:1: 1180 daAuts
     D:8: 1161 daAuts
    D:14: 1144 daAuts
  Lair:3: 1106 daAuts
    D:12: 1041 daAuts
